 Dungeon Crawl Stone Soup version 0.26.0-10-g1f06aea511 (webtiles) character file.

Game seed: 11842765914227076669

209 funkygono the Chiller (level 5, -2/36 HPs)
             Began as a Demonspawn Ice Elementalist on Jan 24, 2021.
             Killed by nerve-wracking pain
             ... invoked by an orc priest
              (11 damage)
             ... on level 3 of the Dungeon.
             The game lasted 00:07:01 (2987 turns).

funkygono the Chiller (Demonspawn Ice Elementalist) Turns: 2987, Time: 00:07:01

Health: -2/36      AC:  2    Str:  8    XL:     5   Next: 55%
Magic:  4/10       EV: 12    Int: 18    God:
Gold:   195        SH:  0    Dex: 13    Spells: 4/11 levels left

rFire    . . .     SeeInvis .   m - +0 whip
rCold    + . .     Faith    .   (no shield)
rNeg     . . .     Spirit   .   a - +0 robe
rPois    .         Reflect  .   k - +0 hat
rElec    .         Harm     .   (no cloak)
rCorr    .         Rampage  .   (no gloves)
Will     .....                  (no boots)
Stlth    ++........             (no amulet)
HPRegen  0.12/turn              (no ring)
MPRegen  0.12/turn              (no ring)

@: frozen ramparts, very slightly contaminated, invisible
A: hooves 1, cold resistance 1
a: no special abilities


You were on level 3 of the Dungeon.
You visited 1 branch of the dungeon, and saw 3 of its levels.

You collected 195 gold pieces.

Inventory:

Hand Weapons
 m - a +0 whip (weapon)
Armour
 a - a +0 robe (worn)
 k - a +0 hat (worn)
Wands
 j - a wand of enslavement (8)
Scrolls
 b - 2 scrolls of blinking
 c - a scroll of remove curse
 d - a scroll of identify
 e - a scroll of enchant weapon
Potions
 f - a potion of brilliance {unknown}
 g - a potion of flight
 i - a potion of attraction {unknown}
 l - 2 potions of mutation {unknown}


   Skills:
 + Level 0.4 Fighting
 + Level 0.2 Maces & Flails
 + Level 2.3 Dodging
 + Level 1.9 Stealth
 * Level 3.5 Spellcasting
 * Level 5.1 Ice Magic


You had 4 spell levels left.
You knew the following spells:

 Your Spells              Type           Power        Failure   Level
a - Freeze                Ice            84%          1%          1
b - Frozen Ramparts       Ice            42%          6%          3
c - Ozocubu's Armour      Ice            21%          6%          3

Your spell library contained the following spells:

 Spells                   Type           Power        Failure   Level
 Hailstorm                Conj/Ice       12%          47%         4
 Summon Ice Beast         Ice/Summ       12%          47%         4


Dungeon Overview and Level Annotations

Branches:
Dungeon (3/15)

Altars:
Cheibriados
Nemelex Xobeh


Innate Abilities, Weirdness & Mutations

You have large cloven feet.
Your flesh is cold resistant. (rC+)


Message History

You are very lightly contaminated with residual magic.
Unknown command.
Casting: Frozen Ramparts (dangerous; 6% risk of failure)
Confirm with . or Enter, or press ? or * to list all spells.
Casting: Frozen Ramparts (dangerous; 6% risk of failure)
Press: ? - help, Dir - look around, f - activate You miscast Frozen Ramparts.
Nothing appears to happen.
The orc barely misses you.
Casting: Frozen Ramparts (dangerous; 6% risk of failure)
Confirm with . or Enter, or press ? or * to list all spells.
Casting: Frozen Ramparts (dangerous; 6% risk of failure)
Press: ? - help, Dir - look around, f - activate The walls around you are covered in ice.
The wall freezes the orc.
The orc barely misses you.
The wall freezes the orc.
The wall freezes the orc.
The orc barely misses you.
The wall freezes the orc.
The wall freezes the orc.
The orc priest invokes the aid of Beogh against you.
Pain shoots through your body!
You die...

##### #### ##...##..>#
##.......... #######
#........... ....#.....#
#...........
....#.....###...........
.........o.@............
...##....o##.#.)..##...#
#......##.).).#######
######......##o..#()....### ##
............##...######...###.
.....#....o#....# ######.....
###..###(.o.....###....###...
.##.......(.S..................
...........#.............###...


You could see an orc priest and 2 orcs.

Vanquished Creatures
  An orc priest (D:3)
  An orc wizard (D:3)
  A worker ant (D:3)
  A worker ant zombie (D:3)
  7 adders
  2 dart slugs (D:1)
  3 leopard geckos
  3 orcs (D:3)
  7 bats
  5 giant cockroaches
  2 goblins
  2 hobgoblins
  4 jackals (D:3)
  4 frilled lizards
  3 kobolds
  4 rats
50 creatures vanquished.

Notes
Turn   | Place    | Note
-------+----------+-------------------------------------------
     0 | D:1      | funkygono the Demonspawn Ice Elementalist began the quest
                  | for the Orb.
     0 | D:1      | Reached XP level 1. HP: 13/13 MP: 3/3
   253 | D:1      | Reached skill level 4 in Ice Magic
   253 | D:1      | Gained mutation: You have large cloven feet. [demonic
                  | ancestry]
   253 | D:1      | Reached XP level 2. HP: 10/19 MP: 0/5
   561 | D:1      | Found a sparkling altar of Nemelex Xobeh.
  1132 | D:2      | Found a snail-covered altar of Cheibriados.
  1302 | D:2      | Reached XP level 3. HP: 14/24 MP: 1/6
  1492 | D:2      | Learned a level 3 spell: Frozen Ramparts
  2113 | D:3      | Gained mutation: Your flesh is cold resistant. (rC+)
                  | [demonic ancestry]
  2113 | D:3      | Reached XP level 4. HP: 23/30 MP: 3/7
  2118 | D:3      | Learned a level 3 spell: Ozocubu's Armour
  2584 | D:3      | Reached XP level 5. HP: 18/35 MP: 5/9
  2606 | D:3      | Reached skill level 5 in Ice Magic
  2987 | D:3      | Killed from afar by an orc priest

Illustrated notes

Levels and vault maps discovered:
D:1:      elethiomel_arrival_shortcut, layout_rooms,
          chequers_serial_rivers_micro_c, nemelex_diamond_rough_becter
D:2:      layout_basic, cheibriados_altar_1
D:3:      layout_rooms

Skill      XL: |  1  2  3  4  5 |
---------------+----------------+-----
Ice Magic      | 4 5 |  5.1
Dodging        | 2 |  2.3
Spellcasting   | 3 |  3.5
Fighting       | |  0.4
Maces & Flails | |  0.2
Stealth        | |  1.9

Action                   |  1- 3 |  4- 6 || total
-------------------------+-------+-------++-------
Melee: Unarmed           |     9 |       ||     9
       Club              |    14 |    33 ||    47
       Kick              |     3 |    10 ||    13
 Cast: Freeze            |    35 |    16 ||    51
       Frozen Ramparts   |     4 |     6 ||    10
       Ozocubu's Armour  |       |     1 ||     1
  Use: Scroll            |     7 |       ||     7
       Potion            |     1 |     2 ||     3
Armor: Robe              |    11 |     8 ||    19
Dodge: Dodged            |    41 |    42 ||    83
